 Dungeon Crawl Stone Soup version 0.31-a0-189-ga26ba32dd1 (webtiles) character file.

Game seed: 5088760235731999857

416 qw the Skirmisher (level 6, 0/35 HPs)
             Began as a Deep Elf Hunter on June 23, 2023.
             Slain by a sky beast (4 damage)
             ... on level 4 of the Dungeon.
             The game lasted 00:01:02 (2210 turns).

qw the Skirmisher (Deep Elf Hunter)                 Turns: 2210, Time: 00:01:03

Health: 0/35       AC:  4    Str: 10    XL:     6   Next: 60%
Magic:  8/8        EV: 12    Int: 14    God:
Gold:   1069       SH:  0    Dex: 18    Spells: 5/5 levels left

rFire   . . .        Y - +0 shortbow
rCold   . . .        (shield currently unavailable)
rNeg    . . .        d - +1 leather armour of the Mantidfly {Stlth+}
rPois   .            (no helmet)
rElec   .            (no cloak)
rCorr   .            (no gloves)
SInv    .            (no boots)
Will    .....        (no amulet)
Stlth   +++          (no ring)
HPRegen 0.25/turn    (no ring)
MPRegen 0.11/turn

%: no passive effects
@: no status effects
A: no striking features
a: no special abilities


You were on level 4 of the Dungeon.
You visited 1 branch of the dungeon, and saw 4 of its levels.

You collected 1069 gold pieces.


   Skills:
 - Level 2.2 Fighting
 + Level 9.9 Ranged Weapons
 - Level 3.0 Dodging
 - Level 1.2 Stealth


You had 5 spell levels left.
You didn't know any spells.
Your spell library was empty.

Inventory:

Hand Weapons
 Y - a +0 shortbow (weapon)
Armour
 d - the +1 leather armour of the Mantidfly (worn) {Stlth+}
   (You found it on level 3 of the Dungeon)

   Stlth:     It makes you more stealthy.
Scrolls
 a - a scroll of identify
Potions
 b - a potion of resistance
 e - a potion of mutation
 f - a potion of curing

Dungeon Overview and Level Annotations

Branches:
Dungeon (4/15)
 Temple: D:4-7

Altars:
Qazlal


Message History

You shoot an arrow. The arrow hits the sky beast.
The sky beast is lightly wounded.
You shoot an arrow. The arrow hits the sky beast.
The sky beast is moderately wounded.
You shoot an arrow. The arrow closely misses the sky beast.
An orc comes into view. It is wielding a +0 hand axe.
A kobold comes into view. It is wielding a +0 dagger.
You shoot an arrow. The arrow closely misses the orc.
You shoot an arrow. The arrow barely misses the orc.
The orc hits you with a +0 hand axe.
You shoot an arrow. The arrow barely misses the orc.
The orc hits you but does no damage.
You shoot an arrow. The arrow closely misses the orc.
The orc hits you but does no damage.
The sky beast flickers out of sight!
Deactivating autopickup; reactivate with Ctrl-A.
The kobold throws a stone.
The stone barely misses you.
A dart slug comes into view.
You shoot an arrow. The arrow hits the orc.
The orc is almost dead.
The kobold throws a stone.
The orc closely misses you. Something hits you. Something shocks you.
You shoot an arrow. The arrow closely misses the orc.
The orc barely misses you.
The kobold throws a stone.
The stone barely misses you.
A sky beast appears from thin air!
Reactivating autopickup.
The sky beast hits you. The sky beast shocks you.
You shoot an arrow. The arrow barely misses the orc.
The orc hits you but does no damage. The sky beast hits you.
The sky beast shocks you.
You shoot an arrow. The arrow hits the orc!
You kill the orc!
The sky beast hits you. The sky beast shocks you.
You shoot an arrow. The arrow barely misses the sky beast.
The arrow closely misses the kobold.
The sky beast misses you.
You shoot an arrow.
The arrow hits the sky beast but does no damage.
The sky beast is moderately wounded.
The kobold hits you with a +0 dagger. The sky beast hits you.
You die...

'.......' ##.......##
##.........##
.).w....... .........
..#...... #.....#
#........ #KY.#
#........ #@# #.#......
#.# #.#...... #.#
#.#......
#######.########.......#
.......................#
###############.........
#####...#. #..... ##....


You could see a sky beast, a dart slug and a kobold.

Vanquished Creatures
  Grinder (D:3)
  A scorpion (D:4)
  A hound (D:4)
  3 gnolls (D:2)
  5 adders
  2 worms (D:2)
  3 dart slugs
  4 orcs
  7 bats
  3 endoplasms
  A giant cockroach (D:4)
  7 goblins
  4 hobgoblins
  2 jackals (D:2)
  7 kobolds
  2 quokkas
  4 ball pythons
  4 frilled lizards
  3 rats
64 creatures vanquished.

Notes
Turn   | Place    | Note
-------+----------+-------------------------------------------
     0 | D:1      | qw the Deep Elf Hunter began the quest for the Orb.
     0 | D:1      | Reached XP level 1. HP: 12/12 MP: 3/3
     0 | D:1      | 0 ||| qw: Version: 0.3-a-9-g12657ce
     0 | D:1      | 0 ||| qw: Game counter: 4429
     0 | D:1      | 0 ||| qw: Always use a shield: true
     0 | D:1      | 0 ||| qw: God list: Okawaru
     0 | D:1      | 0 ||| qw: Allow faded altars: false
     0 | D:1      | 0 ||| qw: Do Orc after D:15 true
     0 | D:1      | 0 ||| qw: Do second Lair branch before Depths: true
     0 | D:1      | 0 ||| qw: Lair rune preference: random
     0 | D:1      | 0 ||| qw: Plans: Normal
     0 | D:1      | 0 ||| PLANNING D:1-11
   342 | D:1      | Reached XP level 2. HP: 16/16 MP: 4/4
   370 | D:1      | Reached skill level 6 in Ranged Weapons
   633 | D:1      | 633 ||| READING scroll labelled RIKUSCH GIFYCA.
   634 | D:1      | 634 ||| READING scroll labelled MIS HAUKHLI.
   634 | D:1      | Identified a scroll of acquirement
   634 | D:1      | 634 ||| ACQUIRING 865 gold pieces
   634 | D:1      | Acquired 865 gold pieces
   636 | D:1      | 636 ||| READING 2 scrolls labelled MEALURO VU YVEUK.
   637 | D:1      | 637 ||| READING scroll labelled AKHLAAX RATS.
   638 | D:1      | 638 ||| READING scroll labelled RULOMO XYTYGA.
   641 | D:1      | 641 ||| READING scroll labelled YJO ADOFRACOC.
   642 | D:1      | 642 ||| READING scroll labelled NUPUPT UGGATIWK.
   671 | D:1      | 671 ||| DROPPING scroll of butterflies.
   672 | D:1      | 672 ||| DROPPING scroll of poison.
   721 | D:2      | 721 ||| STAIRDANCE
   815 | D:2      | Reached XP level 3. HP: 20/20 MP: 5/5
   999 | D:2      | Reached skill level 7 in Ranged Weapons
  1093 | D:2      | Reached XP level 4. HP: 13/25 MP: 6/6
  1094 | D:2      | HP: 5/25 [gnoll/+0 spear (8)]
  1095 | D:2      | 1095 ||| READING scroll of teleportation.
  1095 | D:2      | HP: 1/25 [gnoll/+0 spear (5)]
  1098 | D:2      | 1098 ||| FLEEEEING.
  1099 | D:2      | 1099 ||| FLEEEEING.
  1343 | D:2      | Reached skill level 8 in Ranged Weapons
  1346 | D:2      | 1346 ||| READING 3 scrolls of identify.
  1346 | D:2      | 1346 ||| IDENTIFYING sedimented clear potion
  1347 | D:2      | 1347 ||| READING 2 scrolls of identify.
  1347 | D:2      | 1347 ||| IDENTIFYING glowing cyan potion
  1734 | D:3      | Noticed Grinder
  1741 | D:3      | HP: 6/25 [Grinder (9)]
  1742 | D:3      | 1742 ||| READING scroll of teleportation.
  1743 | D:3      | 1743 ||| DRINKING potion of heal wounds.
  1792 | D:3      | Killed Grinder
  1793 | D:3      | Reached skill level 9 in Ranged Weapons
  1793 | D:3      | Reached XP level 5. HP: 29/29 MP: 7/7
  1793 | D:3      | Reached XP level 6. HP: 34/34 MP: 8/8
  1794 | D:3      | Identified the +1 leather armour of the Mantidfly {Stlth+}
  1957 | D:3      | 1957 ||| UPGRADING to +1 leather armour of the Mantidfly
                  | {Stlth+}.
  1967 | D:3      | 1967 ||| DROPPING +0 leather armour.
  1968 | D:3      | 1968 ||| READING scroll labelled SIAC IRIOQA.
  1969 | D:3      | 1969 ||| READING 2 scrolls labelled ILOSEB SEYMIRCH.
  1970 | D:3      | 1970 ||| READING 3 scrolls of identify.
  1970 | D:3      | 1970 ||| IDENTIFYING red potion
  1971 | D:3      | 1971 ||| READING 2 scrolls of identify.
  1971 | D:3      | 1971 ||| IDENTIFYING lumpy amethyst potion
  1972 | D:3      | 1972 ||| DROPPING potion of magic.
  1973 | D:3      | 1973 ||| DROPPING scroll of immolation.
  2053 | D:4      | Reached skill level 3 in Dodging
  2131 | D:4      | Found a stormy altar of Qazlal.
  2197 | D:4      | Noticed a sky beast
  2208 | D:4      | HP: 7/35 [sky beast (5)]
  2210 | D:4      | Slain by a sky beast

Levels and vault maps discovered:
D:1:      wander_arrival_desolate, layout_loops_ring
D:2:      layout_rooms, minmay_pentomino_u4
D:3:      layout_basic, uniq_grinder
D:4:      layout_cave_pools, mainiacjoe_overflow_catch_the_wave,
          minmay_pentangle

Skill      XL: |  1  2  3  4  5  6 |
---------------+-------------------+-----
Ranged Weapons | 6 7 9 |  9.9
Dodging        | 3 |  3.0
Fighting       | 2 |  2.2
Stealth        | |  1.2

Action                     |  1- 3 |  4- 6 || total
---------------------------+-------+-------++-------
   Fire: Shortbow          |   105 |   120 ||   225
    Use: Scroll            |     7 |     8 ||    15
         Potion            |       |     1 ||     1
 Armour: Leather armour    |     9 |     6 ||    15
  Dodge: Dodged            |    23 |    18 ||    41

Table legend:
 A = Non-vault XP
 B = Vault XP
 C = Vault XP percentage of total XP
 D = Non-vault monster count
 E = Vault monster count
 F = Vault count percentage of total count
                 A         B        C        D         E       F
            +---------+---------+-------+---------+---------+-------
      Total |     316 |     279 |  46.9 |      59 |       5 |   7.8
            +---------+---------+-------+---------+---------+-------
        D:1 |      22 |       0 |   0.0 |      13 |       0 |   0.0
        D:2 |     110 |      21 |  16.0 |      26 |       4 |  13.3
        D:3 |      44 |     258 |  85.4 |      10 |       1 |   9.1
        D:4 |     140 |       0 |   0.0 |      10 |       0 |   0.0
            +---------+---------+-------+---------+---------+-------
